Map: Jagannatha LE

Players

Elazer

  • Race: Zerg Zerg

Strange - Winner!

  • Race: Protoss Protoss

Event: DreamHack SC2 Masters 2021 Winter

VOD

Have the link to the VOD?

Description

Time

  • Played on: Oct. 10, 2021, 1:01 p.m.
  • Length: 13:41

All games in this series

Show
View Real Time Build Order
Export as new Build Order

Elazer Zerg 

Build Orders: Hatch First, Brood Lord Corruptor 

Get SALT Encoding   

  12  0:00  Drone  
  13  0:12  Overlord  
  13  0:17  Drone  
  14  0:30  Drone  
  14  0:31  Drone  
  16  0:49  Hatchery  
  15  0:52  Drone  
  15  0:55  Drone  
  17  0:59  Drone  
  18  1:09  Extractor  
  17  1:13  Spawning Pool  
  17  1:18  Drone  
  17  1:20  Drone  
  18  1:29  Drone  
  19  1:39  Drone  
  20  1:49  Hatchery  
  20  1:50  Drone  
  20  2:01  Queen  
  22  2:02  Drone  
  22  2:06  Drone  
  24  2:12  Drone  
  25  2:16  Overlord  
  25  2:22  Queen  
  25  2:25  Drone  
  28  2:35  Zergling x2  
  28  2:36  Drone, Zergling x2  
  31  2:40  Queen  
  33  2:47  Drone x2  
  33  2:49  Metabolic Boost  
  35  2:55  Zergling x2  
  36  3:00  Zergling x2, Queen  
  36  3:03  Overlord  
  39  3:11  Drone x3  
  42  3:21  Queen  
  42  3:23  Drone x3  
  42  3:26  Spore Crawler  
  46  3:29  Drone x2  
  46  3:33  Overlord  
  48  3:36  Overlord  
  48  3:38  Drone  
  48  3:40  Drone  
  50  3:47  Overlord  
  50  3:51  Drone x4  
  50  3:52  Drone  
  55  4:00  Roach Warren  
  55  4:01  Queen  
  56  4:09  Zergling x8  
  60  4:12  Zergling x4  
  62  4:18  Overlord  
  62  4:20  Zergling x6  
  66  4:24  Zergling x6  
  66  4:30  Drone x3  
  66  4:31  Drone  
  72  4:33  Drone x2  
  72  4:36  Overlord  
  73  4:41  Drone x3  
  73  4:43  Drone x2  
  78  4:50  Extractor, Overlord  
  78  4:51  Extractor  
  76  4:53  Overlord x2  
  76  4:59  Lair  
  78  5:07  Zergling x10  
  78  5:16  Drone x7  
  78  5:20  Overlord  
  84  5:23  Overlord  
  84  5:30  Drone x4  
  84  5:33  Extractor, Overlord  
  87  5:41  Roach x5  
  96  5:43  Overlord  
  96  5:46  Roach x2  
  100  5:52  Overlord, Extractor  
  100  5:55  Roach x3  
  104  6:00  Overseer, Glial Reconstitution  
  104  6:01  Drone x2  
  104  6:03  Infestation Pit  
  105  6:08  Drone x4  
  105  6:09  Drone, Extractor  
  105  6:10  Drone x2  
  105  6:11  Drone, Overlord  
  112  6:13  Overlord  
  112  6:17  Drone  
  113  6:26  Overlord  
  113  6:28  Roach x4  
  121  6:36  Drone x3  
  124  6:41  Hatchery  
  124  6:42  Hive  
  124  6:43  Drone  
  124  6:47  Spire  
  124  6:48  Drone  
  124  6:51  Evolution Chamber  
  123  6:59  Roach x6  
  123  7:01  Ravager x3  
  137  7:02  Overseer  
  138  7:11  Zergling x16  
  146  7:17  Drone x4  
  146  7:20  Zerg Missile Weapons Level 1  
  149  7:29  Roach x2  
  159  7:30  Roach x3  
  159  7:38  Spine Crawler  
  159  7:39  Drone x3  
  159  7:40  Spine Crawler x2  
  159  7:42  Drone x2  
  161  7:44  Overlord x3  
  161  7:55  Viper x2  
  167  7:59  Greater Spire  
  167  8:01  Extractor  
  167  8:03  Viper, Extractor  
  168  8:07  Zergling x24  
  168  8:11  Drone x2  
  182  8:18  Spine Crawler x2  
  180  8:22  Drone x6  
  180  8:26  Drone  
  186  8:33  Drone x4  
  190  8:38  Spine Crawler  
  190  8:40  Spine Crawler x3  
  186  8:49  Overseer  
  186  8:50  Corruptor x3  
  186  8:53  Overlord  
  192  8:57  Spine Crawler  
  192  8:58  Spine Crawler  
  192  9:00  Spine Crawler, Spore Crawler  
  192  9:01  Spine Crawler  
  186  9:04  Corruptor  
  188  9:16  Zerg Flyer Weapons Level 1, Zerg Missile Weapons Level 2, Hatchery  
  187  9:18  Corruptor x2  
  187  9:22  Evolution Chamber  
  187  9:23  Brood Lord x2  
  194  9:25  Drone x3  
  194  9:29  Drone x2  
  199  9:45  Spine Crawler x2  
  197  9:59  Brood Lord  
  198  10:00  Adrenal Glands  
  198  10:01  Spine Crawler x2  
  198  10:05  Brood Lord x3  
  194  10:13  Corruptor x3  
  200  10:24  Zerg Ground Armor Level 1  
  200  10:27  Corruptor x2  
  198  10:40  Drone x4, Spire, Spine Crawler x2  
  198  10:41  Spine Crawler  
  200  10:42  Brood Lord  
  200  10:49  Brood Lord x2  
  199  10:55  Overseer  
  199  10:56  Pneumatized Carapace  
  199  10:59  Drone  
  200  11:05  Brood Lord  
  199  11:26  Spine Crawler x3  
  199  11:31  Brood Lord  
  182  11:40  Infestor x3  
  182  11:43  Drone x10  
  198  11:48  Spine Crawler  
  198  11:49  Spine Crawler  
  198  11:52  Spine Crawler  
  186  12:06  Corruptor x3  
  181  12:10  Overlord x2  
  181  12:25  Queen  
  181  12:26  Queen  
  175  12:33  Roach  
  175  12:34  Roach x11  
  185  12:39  Brood Lord x3  
  185  12:40  Queen  
  159  12:44  Roach x12  
  159  12:45  Roach x2  
  149  12:54  Roach x7  
  152  13:11  Zergling x28  
Show
View Real Time Build Order
Export as new Build Order

Strange Protoss - Winner!

Build Orders: 1 Gate Expand 

Get SALT Encoding   

  12  0:00  Probe  
  13  0:12  Probe  
  14  0:20  Pylon  
  14  0:24  Probe  
  15  0:38  Probe (Chrono Boost)  
  15  0:39  Gateway  
  16  0:47  Assimilator, Probe (Chrono Boost)  
  17  0:52  Probe  
  18  1:04  Probe  
  19  1:16  Probe  
  20  1:25  Nexus  
  20  1:35  Cybernetics Core  
  20  1:38  Probe  
  21  1:43  Assimilator  
  21  1:50  Probe  
  22  1:54  Pylon  
  22  2:02  Probe  
  23  2:10  Adept (Chrono Boost)  
  23  2:11  Warp Gate  
  23  2:15  Probe  
  26  2:27  Probe (Chrono Boost)  
  26  2:29  Stalker (Chrono Boost)  
  29  2:37  Probe (Chrono Boost)  
  31  2:45  Probe (Chrono Boost)  
  31  2:47  Probe (Chrono Boost)  
  31  2:51  Probe (Chrono Boost), Forge  
  33  2:53  Probe, Sentry  
  36  3:03  Probe  
  36  3:05  Probe, Pylon  
  38  3:15  Probe  
  38  3:17  Gateway  
  39  3:20  Robotics Facility  
  39  3:21  Probe, Protoss Ground Weapons Level 1 (Chrono Boost)  
  40  3:27  Probe  
  40  3:33  Probe  
  42  3:37  Assimilator  
  42  3:38  Assimilator  
  42  3:39  Probe  
  43  3:43  Shield Battery  
  43  3:45  Probe  
  44  3:51  Probe  
  45  3:57  Probe  
  46  4:02  Pylon  
  46  4:03  Probe  
  46  4:04  Sentry  
  46  4:05  Immortal (Chrono Boost)  
  46  4:09  Probe  
  54  4:12  Pylon  
  54  4:20  Probe  
  54  4:24  Probe, Sentry  
  56  4:27  Gateway  
  58  4:33  Stalker  
  58  4:34  Observer (Chrono Boost)  
  61  4:46  Pylon  
  61  4:48  Immortal  
  65  4:54  Robotics Bay  
  65  5:03  Stalker, Pylon  
  67  5:08  Nexus  
  67  5:14  Sentry  
  67  5:16  Protoss Ground Armor Level 1 (Chrono Boost)  
  66  5:23  Stalker  
  66  5:28  Probe x2, Pylon  
  70  5:30  Zealot  
  72  5:40  Probe x2  
  72  5:42  Zealot  
  76  5:46  Disruptor (Chrono Boost)  
  76  5:47  Nexus  
  76  5:49  Pylon  
  79  5:52  Probe  
  79  5:56  Probe  
  81  6:01  Twilight Council  
  81  6:04  Probe  
  81  6:08  Probe  
  81  6:09  Photon Cannon  
  81  6:11  Shield Battery  
  83  6:14  Disruptor (Chrono Boost)  
  83  6:16  Probe  
  87  6:20  Probe  
  87  6:24  Stalker x3  
  94  6:33  Pylon  
  94  6:42  Charge  
  94  6:46  Pylon  
  94  6:51  Probe x2  
  96  6:54  Gateway  
  96  6:56  Colossus (Chrono Boost)  
  102  7:02  Probe, Protoss Ground Weapons Level 2 (Chrono Boost)  
  102  7:03  Probe x2  
  105  7:13  Gateway  
  105  7:14  Gateway, Probe  
  106  7:15  Probe x2  
  106  7:21  Assimilator x2  
  108  7:26  Extended Thermal Lance, Probe  
  108  7:28  Probe x2  
  111  7:32  Pylon  
  111  7:36  Templar Archives  
  111  7:38  Probe  
  111  7:40  Probe  
  111  7:41  Gateway  
  111  7:43  Gateway  
  113  7:46  Colossus (Chrono Boost)  
  119  7:54  Gateway  
  119  7:57  Gateway  
  119  7:58  Gateway  
  119  8:06  Pylon  
  119  8:08  Pylon  
  119  8:13  High Templar x2  
  119  8:18  Archon, High Templar x2  
  127  8:23  Pylon  
  127  8:26  Archon, Pylon  
  127  8:34  Warp Prism (Chrono Boost)  
  129  8:43  Pylon  
  129  8:44  Zealot x2, High Templar x2  
  129  8:45  Nexus  
  129  8:46  Blink (Chrono Boost)  
  137  8:51  Forge  
  137  8:54  Probe x3  
  137  8:55  Archon  
  140  9:06  Photon Cannon, Probe x3  
  140  9:08  Protoss Ground Weapons Level 3 (Chrono Boost), Shield Battery  
  143  9:14  Colossus  
  149  9:18  Probe x3  
  152  9:30  Probe x3  
  155  9:35  Protoss Shields Level 1 (Chrono Boost)  
  155  9:39  Pylon  
  155  9:40  Assimilator x2  
  155  9:50  Zealot x6  
  167  9:54  Pylon  
  167  9:55  Pylon  
  165  10:02  High Templar x4  
  165  10:06  Archon x2  
  161  10:19  Gateway  
  161  10:21  Warp Prism  
  161  10:24  Stalker  
  161  10:25  Stalker x5  
  161  10:28  Pylon  
  175  10:34  Stalker x3  
  175  10:35  Stalker  
  183  10:51  Gateway  
  183  10:52  High Templar x2  
  183  10:53  Gateway  
  187  11:00  Stalker x5  
  187  11:01  Stalker, Archon  
  197  11:42  Gateway x3  
  197  11:43  Gateway  
  191  12:17  Stalker x4  
  173  12:30  Stalker  
  173  12:31  Stalker x8  
  169  12:39  Stalker x4  
  169  12:40  Stalker x4  
  142  13:01  Stalker x7  
  142  13:02  Stalker x6  
  142  13:03  Stalker x2  
  169  13:11  Zealot x2  

Tags
 
Add a new tag
Caveats
  • Supply blocks, unpowered buildings, or Contaminate may cause inaccurate times.
  • Supply counts are checked every 10 seconds.